 Dungeon Crawl Stone Soup version 0.21.1-1-g345015fe64 (webtiles) character file.

200 H0rd4k the Charlatan (level 6, 0/44 HPs)
             Began as a Human Artificer on July 30, 2018.
             Slain by a bullfrog (5 damage)
             ... on level 4 of the Dungeon.
             The game lasted 00:16:31 (5142 turns).

H0rd4k the Charlatan (Human Artificer)              Turns: 5142, Time: 00:16:31

Health: 0/44       AC:  3    Str: 14    XL:     6   Next: 6%
Magic:  8/8        EV: 13    Int: 11    God:
Gold:   254        SH:  0    Dex: 14    Spells: 5/5 levels left

rFire    . . .     SeeInvis .   a - +0 short sword
rCold    . . .     Gourm    .   (no shield)
rNeg     . . .     Faith    .   b - +0 leather armour
rPois    .         Spirit   .   (no helmet)
rElec    .         Reflect  .   (no cloak)
rCorr    .         Harm     .   (no gloves)
MR       .....                  (no boots)
Stlth    ++........             (no amulet)
HPRegen  0.14/turn              (no ring)
MPRegen  0.11/turn              (no ring)

@: no status effects
A: no striking features
a: no special abilities


You were on level 4 of the Dungeon.
You were not hungry.

You visited 1 branch of the dungeon, and saw 4 of its levels.

You collected 254 gold pieces.

Inventory:

Hand Weapons
 a - a +0 short sword (weapon)
 w - a +0 hunting sling
Missiles
 g - 5 tomahawks (quivered)
 k - 85 arrows
 r - 29 bolts
Armour
 b - a +0 leather armour (worn)
 j - a +2 ring mail of cold resistance
Jewellery
 p - an uncursed ring of resist corrosion {unknown}
 q - an uncursed ring of protection from magic {unknown}
 u - an uncursed ring of positive energy {unknown}
Wands
 c - a wand of flame (5)
 d - a wand of enslavement (15)
 e - a wand of random effects (11)
Scrolls
 i - a scroll of blinking {unknown}
 l - a scroll of random uselessness {unknown}
 n - 5 scrolls of remove curse {unknown}
 o - 6 scrolls of identify {unknown}
 t - a scroll of teleportation {unknown}
 x - a scroll of immolation {unknown}
Potions
 h - a potion of curing
 m - 2 potions of haste
 s - 2 potions of magic
 v - a potion of mutation {unknown}
 z - 2 potions of flight
Comestibles
 f - 11 rations


   Skills:
 + Level 1.9 Fighting
 + Level 2.8 Short Blades
 + Level 0.5 Throwing
 + Level 2.2 Armour
 + Level 2.8 Dodging
 + Level 2.0 Stealth
 + Level 3.5 Evocations


You had 5 spell levels left.
You didn't know any spells.

Dungeon Overview and Level Annotations

Branches:
Dungeon (4/15)
 Temple: D:4-7

Altars:
Trog

Annotations:
D:1 exclusion: downstairs
D:2 exclusions: downstairs and worker ant
D:3 exclusions: downstairs, gnoll and player ghost, YourBoobs's ghost, amateur SpAs


Message History

You closely miss the bullfrog.
The bullfrog is moderately wounded.
The bullfrog hits you. x2
Evoke which item? (* to show all) (? for menu, Esc to quit)
Aiming: Random Effects
Press: ? - help, Shift-Dir - straight line, f/p - bullfrog
Aim: a bullfrog (moderately wounded)
The puff of frost hits the bullfrog.
The bullfrog is severely wounded.
The bullfrog closely misses you.
You closely miss the bullfrog.
The bullfrog is severely wounded.
The bullfrog hits you!
* * * LOW HITPOINT WARNING * * *
The bullfrog hits you.
* * * LOW HITPOINT WARNING * * *
You completely miss the bullfrog.
The bullfrog is severely wounded.
The bullfrog hits you.
You die...

#########....#
.......(....#
#######(....#
#(....# #.....#
#†#+### .$#####
#.....#
.......##.....#
#.@Fa....#
#######....#
......'....#
#######....#
#....# #....#
#....# #....#
#....#


You could see a bullfrog and a worker ant.

Vanquished Creatures
  A howler monkey (D:4)
  An orc priest (D:3)
  A worker ant (D:2)
  2 adders (D:2)
  4 worms (D:2)
  A dart slug (D:1)
  2 leopard geckos
  An orc (D:4)
  3 giant cockroaches
  12 goblins
  6 hobgoblins
  10 jackals
  2 quokkas (D:3)
  A ball python (D:2)
  6 bats
  4 frilled lizards
  8 kobolds
  7 rats
72 creatures vanquished.

Notes
Turn   | Place    | Note
-------+----------+-------------------------------------------
     0 | D:1      | H0rd4k the Human Artificer began the quest for the Orb.
     0 | D:1      | Reached XP level 1. HP: 15/15 MP: 3/3
   156 | D:1      | Reached XP level 2. HP: 16/21 MP: 4/4
   590 | D:1      | Reached XP level 3. HP: 18/26 MP: 5/5
  1965 | D:2      | Reached XP level 4. HP: 7/32 MP: 6/6
  2807 | D:2      | Reached skill level 1 in Armour
  3233 | D:2      | Reached XP level 5. HP: 17/38 MP: 7/7
  3242 | D:2      | Found a bloodstained altar of Trog.
  4582 | D:3      | Noticed YourBoobs's ghost (amateur SpAs)
  5130 | D:4      | Noticed a bullfrog
  5130 | D:4      | Reached XP level 6. HP: 39/44 MP: 8/8
  5142 | D:4      | Slain by a bullfrog

Skill      XL: |  1  2  3  4  5 |
---------------+----------------+-----
Short Blades   | 2 |  2.8
Armour         | 1 2 |  2.2
Stealth        | 2 |  2.0
Fighting       | |  1.9
Throwing       | |  0.5
Dodging        | |  2.8
Evocations     | |  3.5

Action                   |  1- 3 |  4- 6 || total
-------------------------+-------+-------++-------
Melee: Short sword       |   163 |   215 ||   378
Throw: Tomahawk          |     6 |     7 ||    13
Evoke: Wand              |     6 |     8 ||    14
  Use: Potion            |       |     5 ||     5
 Stab: Sleeping          |     2 |       ||     2
       Paralysed         |       |     4 ||     4
  Eat: Chunk             |     1 |     9 ||    10
       Ration            |     1 |       ||     1
Armor: Leather armour    |    40 |    44 ||    84
Dodge: Dodged            |   110 |   146 ||   256
